 Dungeon Crawl Stone Soup version 0.30-a0-1161-g0704695555 (webtiles) character file.

Game seed: 10230289527606833368

2692 kae the Transmogrifier (level 9, -8/69 (70) HPs)
             Began as a Merfolk Transmuter on Apr 27, 2023.
             Was a Follower of Ru.
             Killed from afar by Maggie (13 damage)
             ... with a bolt of fire
             ... while paralysed by Maggie
             ... on level 9 of the Dungeon.
             The game lasted 00:08:39 (8077 turns).

kae the Transmogrifier (Merfolk Transmuter)         Turns: 8077, Time: 00:08:40

HP:   -8/69 (70)    AC:  8    Str: 11    XL:     9   Next: 65%
MP:   0/27          EV:  1    Int: 16    God:    Ru [*.....]
Gold: 442           SH:  0    Dex: 14    Spells: 10/20 levels left

rFire   x .          .
                       - Unarmed
rCold   + + +        (shield currently unavailable)
rNeg    . . .        a - melded +1 robe
rPois   +            (helmet currently unavailable)
rElec   .            (cloak currently unavailable)
rCorr   .            d - melded +0 pair of gloves
SInv    .            (boots currently unavailable)
Will    .....        G - amulet of guardian spirit
Stlth   +            W - ring of magical power
HPRegen 0.31/turn    Z - ring of wizardry
MPRegen 0.20/turn

%: guardian spirit, wizardry (x1)
@: paralysed, ice-form (expiring), hasted, lightly drained
A: freezing attack, boosted hp, large, no conjurations magic, no hexes magic, no
poison magic, (nimble swimmer 2), (mertail)
a: End Transformation, Renounce Religion


You were on level 9 of the Dungeon.
You worshipped Ru.
Ru was aware of your devotion.
You were a creature of crystalline ice.
You visited 2 branches of the dungeon, and saw 10 of its levels.
You also visited: Bailey.

You collected 442 gold pieces.


Innate Abilities, Weirdness & Mutations

You are a creature of crystalline ice.
You have a powerful freezing melee attack.
Your maximum health is increased.
Your armour is entirely melded.
You are incapable of wielding weapons or throwing items.
You cannot study or cast Conjurations magic.
You cannot study or cast Hexes magic.
You cannot study or cast Poison magic.
((You are very nimble when in or above water. (Stealth+, EV+, Speed+++)))
((Your lower body shifts to a powerful aquatic tail in water.))


   Skills:
 - Level 1.1 Fighting
 - Level 2.6 Dodging
 + Level 8.0 Unarmed Combat
 + Level 6.3 Spellcasting
 + Level 9.0 Transmutations
 - Level 6.0 Ice Magic


You had 10 spell levels left.
You knew the following spells:

 Your Spells              Type           Power      Damage    Failure   Level
a - Beastly Appendage     Tmut           68%        N/A       1%          1
b - Wereblood             Tmut           34%        N/A       1%          2
c - Spider Form           Tmut/Pois      19%        N/A       2%          3
d - Ice Form              Ice/Tmut       29%        N/A       2%          4

Your spell library contained the following spells:

 Spells                   Type           Power      Damage    Failure   Level
 Ozocubu's Armour         Ice            24%        N/A       1%          3
 Ozocubu's Refrigeration  Ice            12%        4d10      98%         7

Inventory:

Missiles
 c - a boomerang of dispersal {=f!f}
 e - 62 stones
 t - 2 atropa-tipped darts
 v - a throwing net {=f!f}
 C - 4 poisoned darts
Armour
 a - a +1 robe (melded)
 d - a +0 pair of gloves (melded)
   (You found it on level 2 of the Dungeon)
Jewellery
 F - a ring of fire
   (You found it on level 7 of the Dungeon)
 G - an amulet of guardian spirit (around neck)
   (You found it on level 3 of the Dungeon)
 L - a ring of flight
   (You found it on level 8 of the Dungeon)
 W - a ring of magical power (left front paw)
   (You found it on level 1 of the Dungeon)
 Z - a ring of wizardry (right front paw)
   (You found it on level 5 of the Dungeon)
Wands
 l - a wand of mindburst (23)
   (You took it off a goblin on level 3 of the Dungeon)
 D - a wand of flame (9)
   (You found it on level 8 of the Dungeon)
Scrolls
 g - 3 scrolls of teleportation {@r4}
 o - 4 scrolls of blinking {!r}
 q - 2 scrolls of vulnerability {!r!r}
 r - a scroll of fog
 u - 2 scrolls of immolation {!r!r}
 x - 2 scrolls of magic mapping {!r}
 y - a scroll of enchant weapon
 z - a scroll of enchant armour
 A - a scroll of identify {@r1}
Potions
 b - 2 potions of lignification {!q}
 f - 4 potions of curing {@q1}
 h - a potion of resistance
 i - 3 potions of mutation {!q}
 j - 4 potions of degeneration {!q}
 k - a potion of haste {@q3}
 n - a potion of cancellation
 p - a potion of ambrosia
 s - a potion of heal wounds {@q2}
 w - 2 potions of flight
 E - 2 potions of brilliance

Dungeon Overview and Level Annotations

Branches:
Dungeon (9/15) Zot: 26928  Temple (1/1) D:5 Zot: 5792    Lair (0/5) D:8
    Orc (0/2) D:9          Bailey (visited)

Altars:
Ashenzari
Cheibriados
Dithmenos
Elyvilon
Fedhas
Gozag
Hepliaklqana
Kikubaaqudgha
Makhleb
Nemelex Xobeh
Okawaru
Qazlal
Ru
Sif Muna
Trog
Uskayaw
Vehumet
Wu Jian
Xom
Yredelemnul
Zin
The Shining One

Shops:
D:7 [

Annotations:
D:9 Maggie

*,*,,,,*,****** *,,,,,,,,*
***,,,**** #...* #...# #$..#
#...#
#####..Y###################******
......Y.<<......Y.....@....,,,,,,
...........÷....YY$).......,,,,,,
..........÷.÷....÷)∩)......,,,,,,
*####...########...)..#####******
#...# ##.....# #...# #######
#...# #...# #...#


You could see Maggie and 2 yaks.


Message History

The gnoll is stunned by your conviction and fails to attack.
There is an open door here.
You punch the gnoll! You freeze the gnoll.
You kill the gnoll!
Key pressed, stopping explore.
No target in view!
No target in view!
Unknown command.
Key pressed, stopping explore.
No target in view!
No target in view!
Key pressed, stopping explore.
No target in view!
No target in view!
Key pressed, stopping explore.
No target in view!
No target in view!
Things that are here:
a +2 halberd of electrocution; a gnoll corpse 😎 MP[+4]
Your mp is fully restored (27).
Unknown command.
No target in view!
No target in view!
You open the door.
A gnoll comes into view.
It is wielding a +3 halberd of electrocution.
The gnoll shouts!
You hear a shout!
A gnoll comes into view.
It is wielding a +2 halberd of electrocution.
An orc knight comes into view. It is wielding a +0 halberd.
The gnoll shouts!
You hear a shout!
There is an open door here.
There are monsters nearby!
There are monsters nearby!
Unknown command.
Things that are here:
a +2 halberd of electrocution; a gnoll corpse
There is an open door here.
There is a fountain of blood here.
There is an open door, spattered with blood here.
You see here a +2 halberd of electrocution.
There is an open door here.
You see here a +0 halberd of electrocution.
Things that are here:
a +2 halberd of draining; a gnoll skeleton
There is an open door here.
The gnoll shouts!
There is a fountain of clear blue water here.
There is an open door here.
You start waiting.
An orc knight is nearby!
There is an open door here.
You see here a +1 halberd of draining.
There is an open door here.
You start waiting.
An orc knight is nearby!
Okay, then.
Okay, then.
You feel yourself speed up.
It was a potion of magic.
Magic courses through your body.
The orc knight hits you with a +0 halberd!!
The gnoll hits you from afar with a +3 halberd of electrocution.
You are electrocuted!!
There is an open door here. 😮 HP[-32] MP[-13]
You take 32 damage, and now have 37/69 hp.
MASSIVE DAMAGE!! (PAUSE)
You lost 13 mp, and now have 14/27 mp.
You barely miss the orc knight.
The orc knight hits you with a +0 halberd!!
* * * LOW HITPOINT WARNING * * *
The gnoll hits you from afar with a +3 halberd of electrocution.
* * * LOW HITPOINT WARNING * * *
😱 HP[-24] MP[-8]
You take 24 damage, and now have 13/69 hp.
MASSIVE DAMAGE!! (PAUSE)
You lost 8 mp, and now have 6/27 mp.
Unknown command.
Your transformation is almost over.
There is a gate leading back out of this place here. 😱 HP[+1] Welcome back to the Dungeon!
Level annotation: Maggie The yak gores you but does no damage.
The yak misses you.
There is an empty arch of ancient stone here.
Unknown command.
Unknown command.
You see here 6 gold pieces.
Unknown command. 😱 MP[+1] Maggie zaps a wand.
You suddenly lose the ability to move!
The yak gores you!
* * * LOW HITPOINT WARNING * * *
The yak gores you.
* * * LOW HITPOINT WARNING * * *
The yak gores you but does no damage. The yak gores you but does no damage.
The yak gores you.
* * * LOW HITPOINT WARNING * * *
Maggie casts a spell at you. The bolt of fire hits you!
The fire burns you terribly!
You die...

Skill      XL: |  1  2  3  4  5  6  7  8  9 |
---------------+----------------------------+-----
Transmutations | 3 4 5 6 7 9 |  9.0
Poison Magic   | 1 2 0 |  0.0
Unarmed Combat | 4 5 6 8 |  8.0
Spellcasting   | 3 4 5 6 |  6.3
Ice Magic      | 2 4 6 |  6.0
Fighting       | |  1.1
Dodging        | |  2.6

Action                     |  1- 3 |  4- 6 |  7- 9 || total
---------------------------+-------+-------+-------++-------
  Melee: Unarmed           |   116 |   136 |   181 ||   433
         Headbutt          |    18 |     1 |       ||    19
         Punch             |     4 |       |       ||     4
   Cast: Beastly Appendage |    23 |     4 |       ||    27
         Spider Form       |     1 |    15 |     3 ||    19
         Wereblood         |       |     5 |    14 ||    19
         Ice Form          |       |     1 |    31 ||    32
 Invoke: Sacrifice Arcana  |       |       |     1 ||     1
Ability: End Transformatio |       |       |     1 ||     1
    Use: Scroll            |     8 |     6 |    14 ||    28
         Potion            |       |       |     5 ||     5
 Armour: Robe              |    25 |     9 |       ||    34
         Skin              |       |     7 |    48 ||    55
  Dodge: Dodged            |    62 |    98 |   100 ||   260

Levels and vault maps discovered:
D:1:      scummos_arrival_checkerplants, layout_basic, hangedman_decor_riveting,
          minmay_pentomino_v4
D:2:      layout_basic
D:3:      layout_rooms, uniq_robin
D:4:      layout_rooms, gammafunk_temple_overflow_elements
D:5:      layout_loops_ring, general_overflow_altar,
          minmay_temple_entry_proselytizer, uniq_eustachio
D:6:      layout_rooms, grunt_temple_overflow_open, serial_co_window_serial,
          co_window_paths_a, co_window_corner_a, co_window_of_opportunity_a,
          co_window_of_opportunity_a, co_window_of_opportunity_a,
          co_window_2corner, co_window_corner_b, co_window_paths_c,
          co_window_corner_b, glass_columns_b, glass_columns_b, glass_columns_a,
          glass_columns_b, glass_columns_c, wad_rectangle_vault
D:7:      layout_gridville, serial_shops, shop, nicolae_sextant,
          item_on_display_b
D:8:      nicolae_cairo_tiling_very_big, layout_cave_pools, chei_slow_surprise
D:9:      layout_cross, david_orc_4, enter_bailey_2, minivault_20,
          minmay_lizard_king, uniq_maggie
Temple:   nicolae_temple_elliptical

Notes
Turn   | Place    | Note
-------+----------+-------------------------------------------
     0 | D:1      | kae the Merfolk Transmuter began the quest for the Orb.
     0 | D:1      | Reached XP level 1. HP: 15/15 MP: 3/3
     0 | D:1      | magus.rc [v1.11.3]
    96 | D:1      | Reached XP level 2. HP: 18/21 MP: 3/5
   121 | D:1      | Reached skill level 3 in Transmutations
   316 | D:1      | Reached skill level 1 in Poison Magic
   753 | D:1      | You add the spells Ozocubu's Armour and Ozocubu's
                  | Refrigeration to your library.
   789 | D:1      | Reached XP level 3. HP: 25/26 MP: 6/6
   815 | D:1      | Learned a level 2 spell: Wereblood
  1871 | D:3      | Learned a level 3 spell: Spider Form
  1965 | D:3      | Reached XP level 4. HP: 30/32 MP: 7/7
  2226 | D:3      | Reached skill level 4 in Unarmed Combat
  2226 | D:3      | Reached skill level 4 in Transmutations
  2226 | D:3      | Reached skill level 2 in Poison Magic
  2420 | D:3      | Noticed Robin
  2429 | D:3      | Killed Robin
  2430 | D:3      | Reached XP level 5. HP: 37/37 MP: 9/9
  2442 | D:3      | Reached skill level 3 in Spellcasting
  3050 | D:4      | Found an opulent altar of Gozag.
  3050 | D:4      | Found a stormy altar of Qazlal.
  3228 | D:4      | Learned a level 4 spell: Ice Form
  3335 | D:5      | Entered Level 5 of the Dungeon
  3357 | D:5      | Reached XP level 6. HP: 31/43 MP: 11/11
  3461 | D:5      | Reached skill level 1 in Ice Magic
  3530 | D:5      | Reached skill level 5 in Transmutations
  3622 | D:5      | Noticed Eustachio
  3646 | D:5      | Killed Eustachio
  3647 | D:5      | Reached skill level 5 in Unarmed Combat
  3647 | D:5      | Reached skill level 2 in Ice Magic
  3647 | D:5      | Reached XP level 7. HP: 45/48 MP: 9/12
  3794 | D:5      | Reached skill level 3 in Ice Magic
  3994 | D:5      | Found a staircase to the Ecumenical Temple.
  4010 | D:5      | Reached skill level 4 in Spellcasting
  4021 | Temple   | Entered the Ecumenical Temple
  4217 | Temple   | Became a worshipper of Ru the Awakened
  4439 | D:5      | Reached skill level 4 in Ice Magic
  4565 | D:5      | Found a burning altar of Makhleb.
  4693 | D:6      | Reached skill level 6 in Transmutations
  4693 | D:6      | Reached XP level 8. HP: 54/54 MP: 14/14
  4936 | D:6      | Reached skill level 5 in Ice Magic
  5051 | D:6      | Reached skill level 6 in Unarmed Combat
  5149 | D:6      | Found a shimmering altar of Xom.
  5149 | D:6      | Found a basalt altar of Yredelemnul.
  5227 | D:6      | Noticed a vampire
  5580 | D:6      | Gained mutation: You cannot study or cast Poison magic. [Ru
                  | sacrifice]
  5580 | D:6      | Gained mutation: You cannot study or cast Hexes magic. [Ru
                  | sacrifice]
  5580 | D:6      | Gained mutation: You cannot study or cast Conjurations
                  | magic. [Ru sacrifice]
  5580 | D:6      | Reduced skill Poison Magic to level 0
  5580 | D:6      | Reached * piety under Ru
  5691 | D:6      | Killed a vampire
  5692 | D:6      | Reached skill level 7 in Transmutations
  5692 | D:6      | Reached skill level 6 in Ice Magic
  6019 | D:7      | Found Zesiqita's Armour Emporium.
  6063 | D:7      | Reached skill level 5 in Spellcasting
  6401 | D:7      | Reached XP level 9. HP: 59/59 MP: 16/16
  6734 | D:8      | Reached skill level 7 in Unarmed Combat
  6740 | D:8      | Reached skill level 8 in Transmutations
  6746 | D:8      | HP: 13/63 [wight/+3 morningstar (5)]
  6973 | D:8      | Found a staircase to the Lair.
  7406 | D:8      | Found a snail-covered altar of Cheibriados.
  7531 | D:9      | Identified the +4 mace of the Swamp {heavy, *Corrode +Blink
                  | Fly Str+4}
  7569 | D:9      | Reached skill level 6 in Spellcasting
  7571 | D:9      | HP: 9/70 [yak (9)]
  7572 | D:9      | HP: 4/70 [yak (5)]
  7572 | D:9      | HP: 1/70 [yak (3)]
  7575 | D:9      | Found a flagged portal.
  7584 | D:9      | HP: 17/70 [yak (13)]
  7591 | D:9      | Noticed Maggie
  7593 | Bailey   | Entered a bailey
  7739 | Bailey   | Reached skill level 9 in Transmutations
  7877 | Bailey   | Reached skill level 8 in Unarmed Combat
  8035 | Bailey   | Noticed an orc knight
  8067 | Bailey   | HP: 13/69 [gnoll/+3 halberd of electrocution (5)]
  8075 | D:9      | Paralysed by Maggie for 4 turns
  8075 | D:9      | HP: 9/69 [yak (6)]
  8077 | D:9      | Killed from afar by Maggie

Vanquished Creatures
  A vampire (D:6)
  Eustachio (D:5)
  4 yaks (D:9)
  An orc warrior (D:6)
  3 sky beasts
  3 ogres
  A centaur (D:8)
  A bullfrog (D:7)
  A scorpion (D:5)
  5 wights (D:8)
  A howler monkey (D:9)
  6 hounds
  A gnoll bouda (D:6)
  2 jellies
  4 orc priests
  Robin (D:3)
  12 gnolls
  7 adders
  4 shadow imps
  3 white imps
  An ufetubus (D:5)
  A worm (D:3)
  3 dart slugs
  15 orcs
  2 bats
  7 endoplasms
  4 giant cockroaches
  6 hobgoblins
  3 jackals (D:1)
  4 kobolds
  4 quokkas
  5 ball pythons
  2 frilled lizards (D:1)
  19 goblins
  5 rats
143 creatures vanquished.

Vanquished Creatures (others)
  A gnoll (Bailey)
1 creature vanquished.

Grand Total: 144 creatures vanquished

Table legend:
 A = Non-vault XP
 B = Vault XP
 C = Vault XP percentage of total XP
 D = Non-vault monster count
 E = Vault monster count
 F = Vault count percentage of total count
                 A         B        C        D         E       F
            +---------+---------+-------+---------+---------+-------
      Total |    2984 |     862 |  22.4 |     114 |      29 |  20.3
            +---------+---------+-------+---------+---------+-------
        D:1 |      37 |       4 |   9.8 |      21 |       2 |   8.7
        D:2 |       8 |       0 |   0.0 |       5 |       0 |   0.0
        D:3 |     111 |      38 |  25.5 |      19 |      13 |  40.6
        D:4 |      98 |       0 |   0.0 |      19 |       0 |   0.0
        D:5 |     520 |     238 |  31.4 |      16 |       2 |  11.1
        D:6 |     569 |     505 |  47.0 |      14 |       6 |  30.0
        D:7 |     292 |       0 |   0.0 |       6 |       0 |   0.0
        D:8 |     550 |       0 |   0.0 |       9 |       0 |   0.0
        D:9 |     799 |       0 |   0.0 |       5 |       0 |   0.0
     Bailey |       0 |      77 | 100.0 |       0 |       6 | 100.0
            +---------+---------+-------+---------+---------+-------

Skill      XL: |  1  2  3  4  5  6  7  8  9 |
---------------+----------------------------+-----
Transmutations | 3 4 5 6 7 9 |  9.0
Poison Magic   | 1 2 0 |  0.0
Unarmed Combat | 4 5 6 8 |  8.0
Spellcasting   | 3 4 5 6 |  6.3
Ice Magic      | 2 4 6 |  6.0
Fighting       | |  1.1
Dodging        | |  2.6

Action                     |  1- 3 |  4- 6 |  7- 9 || total
---------------------------+-------+-------+-------++-------
  Melee: Unarmed           |   116 |   136 |   181 ||   433
         Headbutt          |    18 |     1 |       ||    19
         Punch             |     4 |       |       ||     4
   Cast: Beastly Appendage |    23 |     4 |       ||    27
         Spider Form       |     1 |    15 |     3 ||    19
         Wereblood         |       |     5 |    14 ||    19
         Ice Form          |       |     1 |    31 ||    32
 Invoke: Sacrifice Arcana  |       |       |     1 ||     1
Ability: End Transformatio |       |       |     1 ||     1
    Use: Scroll            |     8 |     6 |    14 ||    28
         Potion            |       |       |     5 ||     5
 Armour: Robe              |    25 |     9 |       ||    34
         Skin              |       |     7 |    48 ||    55
  Dodge: Dodged            |    62 |    98 |   100 ||   260

Illustrated notes

Table legend:
 A = Kills in this place as a percentage of kills in the entire game.
 B = Kills by you in this place as a percentage of kills by you in the entire game.
 C = Kills by friends in this place as a percentage of kills by friends in the entire game.
 D = Other kills in this place as a percentage of other kills in the entire game.
 E = Experience gained in this place as a percentage of experience gained in the entire game.
 F = Experience gained in this place divided by the number of levels of this place that you have seen.
                   A       B       C       D       E      F
               +-------+-------+-------+-------+-------+----------------------
         Total | 100.0 | 100.0 |   N/A |   N/A | 100.0 | 349.6
       Dungeon |  95.8 |  95.8 |   N/A |   N/A |  98.0 | 418.8
        Bailey |   4.2 |   4.2 |   N/A |   N/A |   2.0 |  77.0
               +-------+-------+-------+-------+-------+----------------------

Table legend: (Time is in decaauts)
 A = Elapsed time spent in this place.
 B = Non-inter-level travel time spent in this place.
 C = Inter-level travel time spent in this place.
 D = Time resting spent in this place.
 E = Time spent auto-exploring this place.
 F = Levels seen in this place.
 G = Mean time per level.
                   A        B        C        D        E       F      G
               +--------+--------+--------+--------+--------+-----+--------+
         Total |   8031 |   7811 |    220 |    215 |   6363 |  11 |  730.1 |
       Dungeon |   7347 |   7138 |    209 |     82 |   5924 |   9 |  816.3 |
        Temple |    207 |    196 |     11 |      0 |    176 |   1 |  207.0 |
        Bailey |    475 |    475 |      0 |    133 |    263 |   1 |  475.0 |
               +--------+--------+--------+--------+--------+-----+--------+

Top non-repeatable levels by time:
     D:6: 1370 daAuts
     D:5: 1082 daAuts
     D:1: 1007 daAuts
     D:2: 851 daAuts
     D:3: 843 daAuts
     D:7: 775 daAuts
     D:8: 731 daAuts
     D:4: 614 daAuts
  Bailey: 475 daAuts
  Temple: 207 daAuts
     D:9: 70 daAuts
